 Dungeon Crawl Stone Soup version 0.30-a0-374-g95c0257040 (webtiles) character file.

Game seed: 10484304743043282626

31963 Querens the Unseen (level 13, -10/55 HPs)
             Began as a Spriggan Enchanter on Nov 26, 2022.
             Was a High Priest of Wu Jian.
             Mangled by a komodo dragon (28 damage)
             ... on level 1 of the Lair of Beasts on Nov 27, 2022.
             The game lasted 01:06:40 (10487 turns).

Querens the Unseen (Spriggan Enchanter)            Turns: 10487, Time: 01:06:40

Health: -10/55     AC:  4    Str:  8    XL:     13   Next: 28%
Magic:  31/31      EV: 17    Int: 33    God:    Wu Jian [*****.]
Gold:   860        SH:  0    Dex: 19    Spells: 23/39 levels left

rFire   + . .      SeeInvis +    a - +1 dagger
rCold   . . .      Faith    .    (no shield)
rNeg    + . .      Spirit   .    c - +0 robe of the Dolphin {*Slow rN+ Str+4 Int+2 Dex+3}
rPois   .          Reflect  .    z - +2 hat
rElec   .          Harm     .    (no cloak)
rCorr   +          Rampage  .    (gloves unavailable)
Will    ++...                    (boots unavailable)
Stlth   +++++++...               T - amulet of magic regeneration
HPRegen 0.29/turn                F - ring "Zatsu" {rF+ rCorr Int+4}
MPRegen 0.62/turn                S - +6 ring of intelligence

@: lethally poisoned (-10 -> -12), hasted and slowed, very quick
A: very small, no large weapons, unfitting armour, see invisible, speed 3
a: Renounce Religion, Wall Jump, Serpent's Lash, Heavenly Storm


You were on level 1 of the Lair of Beasts.
You worshipped Wu Jian.
Wu Jian was extremely pleased with you.
You visited 4 branches of the dungeon, and saw 15 of its levels.
You also visited: Ossuary and Bailey.

You collected 860 gold pieces.

Inventory:

Hand Weapons
 a - a +1 dagger (weapon)
 E - a +5 short sword
Missiles
 h - a curare-tipped dart (quivered)
Armour
 c - the +0 robe of the Dolphin (worn) {*Slow rN+ Str+4 Int+2 Dex+3}
   (You found it on level 11 of the Dungeon)

   Str:       It affects your strength (+4).
   Int:       It affects your intelligence (+2).
   Dex:       It affects your dexterity (+3).
   rN:        It protects you from negative energy.
   *Slow:     It may slow you when you take damage.
 z - a +2 hat (worn)
 V - +0 acid dragon scales
Magical Staves
 Y - a staff of death
Jewellery
 f - an amulet of faith
 n - the ring of Wonder {rC+ rCorr Dex+2 Slay-4}
   (You found it on level 3 of the Dungeon)

   [ring of protection from cold]

   Dex:       It affects your dexterity (+2).
   Slay:      It affects your accuracy & damage with ranged weapons and melee
   (-4).
   rC:        It protects you from cold.
   rCorr:     It protects you from acid and corrosion.
 p - a ring of ice
 B - a +6 ring of dexterity
 F - the ring "Zatsu" (left hand) {rF+ rCorr Int+4}
   (You took it off a gnoll on level 10 of the Dungeon)

   [ring of protection from fire]

   Int:       It affects your intelligence (+4).
   rF:        It protects you from fire.
   rCorr:     It protects you from acid and corrosion.
 K - a +4 ring of protection
 O - a ring of protection from fire
 Q - a ring of poison resistance
 S - a +6 ring of intelligence (right hand)
 T - an amulet of magic regeneration (around neck)
 U - a ring of magical power
Wands
 b - a wand of polymorph (7)
 A - a wand of paralysis (1)
 X - a wand of mindburst (6)
 Z - a wand of digging (1)
Scrolls
 g - 8 scrolls of teleportation
 j - a scroll of acquirement {unknown}
 k - 3 scrolls of summoning
 o - 4 scrolls of enchant weapon
 r - a scroll of magic mapping {unknown}
 s - 3 scrolls of immolation {unknown}
 v - a scroll of silence {unknown}
 w - 4 scrolls of fog {unknown}
 x - 4 scrolls of amnesia
 y - 3 scrolls of enchant armour {unknown}
 C - 2 scrolls of poison {unknown}
 L - 2 scrolls of blinking {unknown}
 R - a scroll of fear {unknown}
Potions
 d - 2 potions of curing
 e - 4 potions of mutation
 i - 2 potions of berserk rage {unknown}
 l - 3 potions of flight
 m - a potion of experience {unknown}
 q - 2 potions of lignification
 t - 5 potions of might
 u - 3 potions of magic
 D - 5 potions of brilliance
 G - 2 potions of heal wounds
 H - 3 potions of haste
 I - a potion of cancellation {unknown}
 J - 3 potions of ambrosia {unknown}
 M - 2 potions of attraction {unknown}
 N - a potion of resistance {unknown}


   Skills:
 + Level 12.6 Short Blades
 - Level 2.6 Dodging
 + Level 17.9 Stealth
 + Level 13.9 Spellcasting
 + Level 14.1 Hexes


You had 23 spell levels left.
You knew the following spells:

 Your Spells              Type           Power      Damage    Failure   Level
a - Ensorcelled Hibernat  Hex/Ice        100%       N/A       1%          2
b - Confusing Touch       Hex            86%        N/A       0%          3
c - Tukima's Dance        Hex            86%        N/A       0%          3
d - Discord               Hex            43%        N/A       36%         8

Your spell library contained the following spells:

 Spells                   Type           Power      Damage    Failure   Level
 Sting                    Tmut/Pois      92%        1d7       1%          1
 Dazzling Flash           Conj/Hex       100%       N/A       1%          3
 Passwall                 Tmut/Erth      19%        N/A       3%          2
 Poisonous Vapours        Pois/Air       46%        N/A       3%          2
 Call Canine Familiar     Summ           23%        N/A       6%          3
 Ozocubu's Armour         Ice            23%        N/A       6%          3
 Swiftness                Air            23%        N/A       6%          3
 Animate Dead             Necr           23%        N/A       19%         4
 Olgreb's Toxic Radiance  Pois           23%        N/A       19%         4
 Borgnjor's Vile Clutch   Necr/Erth      11%        N/A       47%         5
 Irradiate                Conj/Tmut      11%        3d15      47%         5
 Conjure Ball Lightning   Conj/Air       11%        3x3d6     96%         6
 Death Channel            Necr           11%        N/A       96%         6
 Haunt                    Necr/Summ      11%        N/A       100%        7
 Ozocubu's Refrigeration  Ice            11%        4d10      100%        7
 Disjunction              Tloc           11%        N/A       100%        8


Dungeon Overview and Level Annotations

Branches:
Dungeon (12/15)            Temple (1/1) D:6            Lair (1/5) D:9
    Orc (1/2) D:12        Ossuary (visited)          Bailey (visited)

Altars:
Ashenzari
Cheibriados
Dithmenos
Elyvilon
Fedhas
Gozag
Hepliaklqana
Kikubaaqudgha
Makhleb
Nemelex Xobeh
Okawaru
Qazlal
Uskayaw
Vehumet
Wu Jian
Xom
Yredelemnul
Zin
The Shining One

Shops:
D:3 :


Innate Abilities, Weirdness & Mutations

You are very small and have problems with some larger weapons.
You are too small for most types of armour.
You have supernaturally acute eyesight. (SInv)
You cover ground extremely quickly. (Speed+++)


Message History

You spit the yak like a pig!!!!!
You kill the yak!
The Council accepts your kill.
You lunge at the yak.
The helpless yak fails to defend itself.
You perforate the yak like a sieve!!!!!
You kill the yak!
The Council accepts your kill.
A water moccasin comes into view.
You lunge at the yak, in a flurry of attacks.
The helpless yak fails to defend itself.
You perforate the yak like a sieve!!!!!
You kill the yak!
The Council accepts your kill.
You spin and attack the yak.
You hit the yak but do no damage. The yak completely misses you.
You hit the torpor snail but do no damage.
The water moccasin bites you.
You are poisoned.
The water moccasin poisons you! The torpor snail bites you!
The yak completely misses you.
You spin and attack the yak.
You closely miss the yak.
You feel very sick.
You spin and attack the yak.
You hit the yak but do no damage.
You spin and attack the yak repeatedly.
You hit the yak but do no damage. You hit the yak.
The yak is lightly wounded.
You feel sick. The yak barely misses you. The yak gores you!
You spin and attack the yak.
You barely miss the yak.
You feel very sick.
You spin and attack the yak.
You barely miss the yak.
You feel sick.
The komodo dragon bites you but does no damage.
The yak gores you. The water moccasin barely misses you.
The water moccasin attacks as you move away!
The water moccasin barely misses you.
You feel sick.
You feel sick.
The komodo dragon hisses menacingly.
You feel yourself speed up.
You feel sick. The komodo dragon bites you!!
Ouch! That really hurt!
You die...

.........# .....P...#
....P....# ........## +#
........# .# #....P..#
##.# ...b...## #..
##......## #.#
#..#PP##.## #@#
..........# ##l######
#...†.....# ##YYY...P#
#.........# ##P.Sw...##.#
#.........###...†......##
........Y.##..#..........
#.........#..##†...$..#..
♣P..♣.....#...#......## .
♣♣~♣♣........####.####


You could see a torpor snail, a komodo dragon, 3 yaks and a water moccasin.

Vanquished Creatures
  Gastronok (D:11)
  Snorg (D:10)
  A fire dragon (D:10)
  Erolcha (D:10)
  A centaur warrior (D:9)
  2 hydras (D:10)
  2 boulder beetles (D:12)
  5 two-headed ogres
  2 tengu warriors (D:9)
  3 large abominations (D:12)
  A wizard (D:12)
  An orc knight (Bailey)
  4 deep elf pyromancers
  An ugly thing (D:9)
  2 manticores
  2 cyclopes (D:12)
  Maggie (D:6)
  An unseen horror (D:7)
  A tengu conjurer (D:10)
  3 komodo dragons (D:9)
  3 trolls
  2 hornets (D:9)
  Grinder (D:6)
  A vampire (D:11)
  A shadow (D:9)
  3 wraiths
  7 wyverns
  2 steam dragons
  33 yaks
  An unseen horror simulacrum (D:10)
  7 vampire mosquitoes
  An acid dragon (D:9)
  A water moccasin (D:9)
  2 ice beasts
  2 black bears (D:7)
  12 orc warriors
  2 sky beasts
  2 ogres
  3 centaurs
  3 kobold brigands (D:12)
  Blork the orc (D:6)
  3 gnoll sergeants
  6 bullfrogs
  A necrophage (D:5)
  2 scorpions (D:5)
  6 wights
  7 killer bees
  5 howler monkeys
  7 small abominations (D:12)
  A jelly (D:8)
  3 hounds
  9 orc priests
  An iguana (D:7)
  A gnoll bouda (D:9)
  3 orc wizards
  3 mummies (Ossuary)
  22 gnolls
  An adder (D:4)
  2 ufetubi
  4 worms
  2 dart slugs
  35 orcs
  7 bats
  8 endoplasms
  3 giant cockroaches
  10 goblins
  6 hobgoblins
  6 jackals (D:4)
  10 kobolds
  7 quokkas
  11 ball pythons
  7 frilled lizards
  2 goblin zombies (Ossuary)
  4 hobgoblin zombies (Ossuary)
  3 kobold zombies (Ossuary)
  11 rats
345 creatures vanquished.

Vanquished Creatures (collateral kills)
  A golden eye (shapeshifter) (D:10)
  An acid dragon (D:10)
  An ogre (D:12)
  6 centaurs (D:11)
  A gnoll sergeant (D:12)
  3 wights (D:8)
  An orc priest (D:11)
  A gnoll (Bailey)
  3 orcs
18 creatures vanquished.

Vanquished Creatures (others)
  4 dancing weapons
  2 orcs
  A kobold (D:4)
7 creatures vanquished.

Grand Total: 370 creatures vanquished

Notes
Turn   | Place    | Note
-------+----------+-------------------------------------------
     0 | D:1      | Querens the Spriggan Enchanter began the quest for the Orb.
     0 | D:1      | Reached XP level 1. HP: 9/9 MP: 5/5
   125 | D:1      | Reached XP level 2. HP: 12/13 MP: 7/7
   128 | D:1      | Learned a level 2 spell: Ensorcelled Hibernation
   197 | D:1      | Found a faded altar of an unknown god.
   622 | D:2      | Reached XP level 3. HP: 14/16 MP: 1/8
   653 | D:2      | Reached skill level 5 in Stealth
  1268 | D:3      | Found Orit's Book Emporium.
  1427 | D:3      | Identified the ring of Wonder {rC+ rCorr Dex+2 Slay-4}
  1478 | D:3      | Reached XP level 4. HP: 21/21 MP: 10/10
  1931 | D:4      | Found a snail-covered altar of Cheibriados.
  2075 | D:4      | Reached XP level 5. HP: 23/24 MP: 6/12
  2154 | D:4      | Reached skill level 6 in Stealth
  2249 | D:4      | Found a burning altar of Makhleb.
  2314 | D:4      | Reached skill level 5 in Hexes
  2470 | D:4      | Found a glowing golden altar of the Shining One.
  2470 | D:4      | Found a basalt altar of Yredelemnul.
  2478 | D:4      | Noticed an angel
  2524 | D:4      | Reached XP level 6. HP: 23/28 MP: 2/13
  2828 | D:5      | Entered Level 5 of the Dungeon
  2856 | D:5      | Learned a level 3 spell: Confusing Touch
  2860 | D:5      | Learned a level 3 spell: Tukima's Dance
  3169 | D:5      | Reached skill level 7 in Stealth
  3229 | D:5      | Reached skill level 5 in Spellcasting
  3344 | D:5      | Reached XP level 7. HP: 32/32 MP: 9/15
  3443 | D:5      | Identified the +6 rapier "Ychuomi" {freeze, Fly Int+2
                  | Dex+3}
  3666 | D:6      | Reached skill level 8 in Stealth
  4043 | D:6      | Noticed Grinder
  4051 | D:6      | Killed Grinder
  4052 | D:6      | Reached skill level 5 in Short Blades
  4052 | D:6      | Reached XP level 8. HP: 5/36 MP: 15/18
  4098 | D:6      | Found a staircase to the Ecumenical Temple.
  4108 | D:6      | Noticed Maggie
  4111 | Temple   | Entered the Ecumenical Temple
  4246 | Temple   | Became a worshipper of the Wu Jian Council
  4267 | D:6      | Killed Maggie
  4268 | D:6      | Reached skill level 9 in Stealth
  4396 | D:6      | Noticed Blork the orc
  4444 | D:6      | Killed Blork the orc
  4529 | D:7      | Found a flagged portal.
  4539 | D:7      | Noticed a deep elf pyromancer
  4567 | D:7      | Killed a deep elf pyromancer
  4568 | D:7      | Reached skill level 10 in Stealth
  4568 | D:7      | Reached XP level 9. HP: 29/39 MP: 1/21
  4577 | Bailey   | Entered a bailey
  4748 | Bailey   | Noticed an orc knight
  4751 | Bailey   | Reached * piety under Wu Jian
  4755 | Bailey   | Killed an orc knight
  4756 | Bailey   | Reached skill level 11 in Stealth
  4830 | D:7      | Noticed an unseen horror
  4925 | D:7      | Found a sand-covered staircase.
  4932 | Ossuary  | Entered an ossuary
  5413 | D:7      | Killed an unseen horror
  5414 | D:7      | Reached skill level 12 in Stealth
  5414 | D:7      | Reached XP level 10. HP: 44/44 MP: 21/24
  5502 | D:7      | Found a sparkling altar of Nemelex Xobeh.
  5504 | D:7      | Found a stormy altar of Qazlal.
  5769 | D:8      | Reached ** piety under Wu Jian
  5804 | D:8      | Noticed a two-headed ogre
  5860 | D:8      | Reached skill level 10 in Hexes
  5992 | D:8      | Killed a two-headed ogre
  5993 | D:8      | Reached skill level 13 in Stealth
  5993 | D:8      | Reached skill level 10 in Spellcasting
  6190 | D:9      | Noticed a tengu warrior
  6195 | D:9      | Killed a tengu warrior
  6233 | D:9      | Found a hazy altar of Hepliaklqana.
  6269 | D:9      | Noticed a green ugly thing
  6274 | D:9      | Killed a green ugly thing
  6284 | D:9      | Identified the +4 shortbow "Foagaxte" {vorpal, rC+ Will+
                  | Dex+5}
  6323 | D:9      | Noticed a centaur warrior
  6341 | D:9      | Noticed a tengu warrior
  6350 | D:9      | Killed a centaur warrior
  6351 | D:9      | Reached XP level 11. HP: 29/47 MP: 19/26
  6367 | D:9      | Killed a tengu warrior
  6443 | D:9      | Reached skill level 14 in Stealth
  6595 | D:9      | Reached *** piety under Wu Jian
  6655 | D:9      | Reached skill level 10 in Short Blades
  6669 | D:9      | Found a staircase to the Lair.
  7074 | D:10     | Entered Level 10 of the Dungeon
  7175 | D:10     | Reached skill level 15 in Stealth
  7197 | D:10     | Found an opulent altar of Gozag.
  7232 | D:10     | Noticed Snorg
  7278 | D:10     | Killed Snorg
  7313 | D:10     | Found a glowing silver altar of Zin.
  7523 | D:10     | Noticed a five-headed hydra
  7524 | D:10     | Noticed a deep elf pyromancer
  7524 | D:10     | Noticed a five-headed hydra
  7554 | D:10     | Killed a five-headed hydra
  7574 | D:10     | Killed a five-headed hydra
  7607 | D:10     | Reached XP level 12. HP: 37/51 MP: 6/29
  7670 | D:10     | Noticed Erolcha
  7714 | D:10     | Killed Erolcha
  7783 | D:10     | Noticed a two-headed ogre
  7827 | D:10     | Killed a two-headed ogre
  7855 | D:10     | Identified the ring "Zatsu" {rF+ rCorr Int+4}
  7861 | D:10     | Reached **** piety under Wu Jian
  7883 | D:10     | Reached skill level 16 in Stealth
  7903 | D:10     | Found the +3 giant club "Skullcrusher" {speed, Str+7}
  7916 | D:10     | Got Zeneij's Parchment of Allied Sculpting
  7916 | D:10     | Noticed a two-headed ogre
  7954 | D:10     | Killed a two-headed ogre
  7999 | D:10     | Noticed a fire dragon
  8002 | D:10     | Killed a fire dragon
  8069 | D:11     | Identified the +0 robe of the Dolphin {*Slow rN+ Str+4
                  | Int+2 Dex+3}
  8229 | D:11     | Noticed a two-headed ogre
  8238 | D:11     | Killed a two-headed ogre
  8598 | D:11     | Noticed Gastronok
  8669 | D:11     | Killed Gastronok
  8895 | D:11     | Reached skill level 17 in Stealth
  9179 | D:12     | Reached ***** piety under Wu Jian
  9265 | D:12     | Noticed a boulder beetle
  9281 | D:12     | Killed a boulder beetle
  9282 | D:12     | Reached XP level 13. HP: 53/55 MP: 20/31
  9351 | D:12     | Found a staircase to the Orcish Mines.
  9660 | D:12     | Learned a level 8 spell: Discord
 10248 | Orc:1    | Entered Level 1 of the Orcish Mines
 10440 | Lair:1   | Entered Level 1 of the Lair of Beasts
 10487 | Lair:1   | Mangled by a komodo dragon

Illustrated notes

Levels and vault maps discovered:
D:1:      minmay_arrival_four_houses, layout_basic,
          chequers_ecumenical_altar_twisty
D:2:      layout_loops_ring, grunt_ministairs_3, minmay_bisected
D:3:      minmay_chambers_of_threes, layout_loops_cross, serial_shops, shop,
          minmay_tree_intersection
D:4:      layout_cave_pods, grunt_temple_overflow_holy_war,
          mainiacjoe_overflow_alcove_2, lemuel_round_altar, dk_noncrumbling_2
D:5:      layout_basic
D:6:      layout_gridville, minmay_temple_entry_sparse_star, uniq_grinder,
          uniq_maggie, uniq_blork_the_orc
D:7:      layout_gridville, nicolae_overflow_hidden_temple, enter_bailey_5,
          chequers_ossuary_entry_cave, minmay_chambers_of_fives
D:8:      layout_basic, lemuel_flamethrower_2
D:9:      layout_small_grid, mainiacjoe_overflow_boulevard, erik_lair_dragon,
          minmay_diamond_spiral
D:10:     minmay_the_grid_octo_tiled_squarecenter [minmay_the_grid_octo_toaster,
          minmay_the_grid_octo_pinwheel, minmay_the_grid_octo_empty,
          minmay_the_grid_octo_tetromino_candy,
          minmay_the_grid_square_5x5_megaprize_crossed,
          minmay_the_grid_square_5x5_eight,
          minmay_the_grid_square_5x5_gyroscope,
          minmay_the_grid_square_5x5_hourglass,
          minmay_the_grid_square_5x5_longway], layout_basic,
          pdpol_temple_overflow_zin_treasury_gozag_greed, uniq_erolcha,
          uniq_snorg
D:11:     layout_basic, centaur_isle, uniq_gastronok
D:12:     layout_roguey, kennysheep_orc_monster_closet_entryway, laboratory
Temple:   hellmonk_temple_forest_ring
Lair:1:   layout_roguey, serial_bayou_crossing, lemuel_fruit_fields,
          grunt_megastairs_1, infiniplex_staircase_pool
Orc:1:    layout_caves, serial_shops, nicolae_shop_statue_plus

Skill      XL: |  1  2  3  4  5  6  7  8  9 10 11 12 13 |
---------------+----------------------------------------+-----
Spellcasting   | 3 4 5 6 7 9 10 12 13 | 13.9
Hexes          | 4 5 6 8 9 10 12 13 14 | 14.1
Stealth        | 5 6 7 8 10 12 13 15 17 | 17.9
Short Blades   | 2 3 5 6 7 9 10 12 | 12.6
Dodging        | |  2.6

Action                   |  1- 3 |  4- 6 |  7- 9 | 10-12 | 13-15 || total
-------------------------+-------+-------+-------+-------+-------++-------
Melee: Dagger            |   148 |   183 |   164 |   224 |   123 ||   842
       Punch             |     1 |     1 |     2 |     4 |     2 ||    10
 Cast: Ensorcelled Hiber |    25 |    37 |    20 |   142 |    24 ||   248
       Confusing Touch   |       |       |     8 |    10 |    12 ||    30
       Tukima's Dance    |       |       |     9 |    20 |     4 ||    33
Invok: Lunge             |       |       |    26 |    70 |    33 ||   129
       Whirlwind         |       |       |       |     1 |     8 ||     9
Evoke: Wand              |       |       |    11 |     2 |    14 ||    27
       Phantom mirror    |       |       |       |     1 |       ||     1
       Condenser vane    |       |       |       |     1 |       ||     1
  Use: Scroll            |       |       |     1 |    13 |     2 ||    16
       Potion            |       |       |     1 |     8 |     1 ||    10
 Stab: Sleeping          |    26 |    27 |    36 |   110 |    22 ||   221
       Confused          |       |       |     8 |    11 |     8 ||    27
       Invisible         |       |       |     1 |     3 |       ||     4
       Distracted        |       |       |       |       |     1 ||     1
       Paralysed         |       |       |       |       |     1 ||     1
Armor: Robe              |    21 |    17 |     6 |     4 |     3 ||    51
       Acid dragon scale |       |       |       |     5 |       ||     5
       Skin              |       |       |       |     6 |       ||     6
Dodge: Dodged            |   115 |   134 |    67 |    60 |    30 ||   406

Table legend: (Time is in decaauts)
 A = Elapsed time spent in this place.
 B = Non-inter-level travel time spent in this place.
 C = Inter-level travel time spent in this place.
 D = Time resting spent in this place.
 E = Time spent auto-exploring this place.
 F = Levels seen in this place.
 G = Mean time per level.
                   A        B        C        D        E       F      G
               +--------+--------+--------+--------+--------+-----+--------+
         Total |   6884 |   6093 |    791 |    129 |    106 |  17 |  404.9 |
       Dungeon |   6359 |   5579 |    780 |    129 |      0 |  12 |  529.9 |
        Temple |    125 |    115 |     10 |      0 |    106 |   1 |  125.0 |
          Lair |     33 |     33 |      0 |      0 |      0 |   1 |   33.0 |
  Orcish Mines |      4 |      4 |      0 |      0 |      0 |   1 |    4.0 |
       Ossuary |    198 |    198 |      0 |      0 |      0 |   1 |  198.0 |
        Bailey |    164 |    164 |      0 |      0 |      0 |   1 |  164.0 |
               +--------+--------+--------+--------+--------+-----+--------+

Top non-repeatable levels by time:
    D:12: 833 daAuts
    D:10: 682 daAuts
     D:9: 656 daAuts
    D:11: 654 daAuts
     D:4: 618 daAuts
     D:5: 522 daAuts
     D:6: 502 daAuts
     D:2: 455 daAuts
     D:3: 431 daAuts
     D:7: 363 daAuts
     D:1: 342 daAuts
     D:8: 296 daAuts
 Ossuary: 198 daAuts
  Bailey: 164 daAuts
  Temple: 125 daAuts
